Map: Terminal stellaire EC (Void)

Players

SacredCoco - Winner!

  • Race: Zerg Zerg
  • League: Grandmaster

AgCl

  • Race: Protoss Protoss
  • League: Silver

VOD

Have the link to the VOD?

Description

Time

  • Played on: July 17, 2015, 6 p.m.
  • Length: 3:05
Show
View Real Time Build Order
Export as new Build Order

SacredCoco Zerg - Winner!

Build Orders: Pool First 

Get SALT Encoding   

  12  0:04  Drone  
  13  0:13  Drone  
  14  0:16  Extractor  
  13  0:24  Drone  
  14  0:35  Spawning Pool  
  13  0:42  Overlord  
  13  0:49  Drone  
  14  1:05  Drone x2  
  14  1:06  Drone  
  17  1:21  Queen  
  17  1:23  Zergling x2  
  20  1:29  Metabolic Boost  
  20  1:51  Hatchery  
  19  1:55  Drone  
  19  1:59  Overlord  
  20  2:13  Zergling x4  
  22  2:24  Zergling x2  
  22  2:28  Queen  
  25  2:32  Zergling x2  
  25  2:34  Zergling x6  
  25  2:35  Zergling x2  
  30  2:41  Overlord  
Show
View Real Time Build Order
Export as new Build Order

AgCl Protoss 

Build Orders:  

Get SALT Encoding   

  12  0:17  Pylon  
  12  0:25  Probe, Assimilator  
  13  0:39  Probe (Chrono Boost)  
  13  0:41  Forge  
  15  0:50  Probe (Chrono Boost)  
  15  0:57  Probe (Chrono Boost)  
  16  1:07  Pylon  
  16  1:08  Probe (Chrono Boost)  
  17  1:20  Probe (Chrono Boost)  
  18  1:27  Probe (Chrono Boost)  
  19  1:46  Nexus  
  19  1:55  Pylon  
  19  1:57  Probe  
  20  2:09  Probe, Pylon  
  21  2:19  Photon Cannon  
  21  2:23  Probe  
  21  2:24  Assimilator  
  22  2:40  Gateway  
  22  2:48  Photon Cannon  
Tags
 
Add a new tag
Caveats
  • Supply blocks, unpowered buildings, or Contaminate may cause inaccurate times.
  • Supply counts are checked every 10 seconds.